 Dungeon Crawl Stone Soup version 0.23-a0-141-g456867d (webtiles) character file.

153 galech the Skirmisher (level 5, 42/42 HPs)
             Began as a Demonspawn Monk on Aug 31, 2018.
             Quit the game on level 3 of the Dungeon.
             The game lasted 00:02:00 (1598 turns).

galech the Skirmisher (Demonspawn Monk)             Turns: 1598, Time: 00:02:01

Health: 42/42      AC:  3    Str: 12    XL:     5   Next: 12%
Magic:  5/5        EV: 13    Int: 11    God:
Gold:   133        SH:  0    Dex: 16    Spells: 4/4 levels left

rFire    . . .     SeeInvis .   e - +2 hand axe (venom)
rCold    . . .     Gourm    .   (no shield)
rNeg     + + .     Faith    .   j - +0 leather armour
rPois    .         Spirit   .   (helmet restricted)
rElec    .         Reflect  .   (no cloak)
rCorr    .         Harm     .   (no gloves)
MR       .....                  (no boots)
Stlth    ++........             (no amulet)
HPRegen  0.14/turn              a - ring of positive energy
MPRegen  0.09/turn              l - ring of positive energy

@: no status effects
A: antennae 1, claws 1
a: no special abilities


You were on level 3 of the Dungeon.
You were not hungry.

You visited 1 branch of the dungeon, and saw 3 of its levels.

You collected 133 gold pieces.

Inventory:

Hand Weapons
 e - a +2 hand axe of venom (weapon)
Armour
 b - a +0 robe
 j - a +0 leather armour (worn)
Jewellery
 a - a ring of positive energy (left claw)
 l - a ring of positive energy (right claw)
Scrolls
 d - 2 scrolls of enchant weapon {unknown}
 i - a scroll of amnesia {unknown}
 k - a scroll of identify {unknown}
Potions
 g - a potion of agility {unknown}
 h - a potion of mutation {unknown}
Comestibles
 c - 5 rations


   Skills:
 + Level 4.1 Fighting
 + Level 3.9 Axes
 + Level 0.3 Armour
 + Level 3.2 Dodging
 + Level 2.4 Stealth


You had 4 spell levels left.
You didn't know any spells.
Your spell library was empty.

Dungeon Overview and Level Annotations

Branches:
Dungeon (3/15)

Altars:
Fedhas


Innate Abilities, Weirdness & Mutations

You have a pair of small antennae on your head.
You have sharp fingernails.


Message History

Unknown command.
You hit the quokka but do no damage.
The quokka is poisoned.
The quokka bites you.
You closely miss the quokka. The quokka bites you.
The quokka bites you but does no damage.
You hit the quokka but do no damage.
The quokka looks as sick as possible!
The quokka is heavily wounded.
The quokka closely misses you.
You miss the quokka.
The quokka is severely wounded.
You kill the quokka!
You start resting.
HP restored.
There is an open door here.
There is a stone staircase leading down here.
You climb downwards.
A rat comes into view.
Found a ruby potion and 13 gold pieces.
Found a blossoming altar of Fedhas.
There is a stone staircase leading up here.
Are you sure you want to abandon this character and quit the game? (Confirm

#######
##.....##
##.......#####
#.......≈.≈..#
#.....@.≈≈.≈≈#
#........≈_≈≈.
#.......≈≈≈≈..
..$....!.....≈.
##.........##..
#.......$.. #
#....r....##
#.........#


You could see a rat.

Vanquished Creatures
  Jessica (D:2)
  Natasha (thrice) (D:2)
  An adder (D:2)
  A dart slug (D:1)
  A leopard gecko (D:1)
  2 giant cockroaches
  10 goblins
  4 hobgoblins
  4 kobolds
  A quokka (D:2)
  5 bats
  2 frilled lizards (D:1)
  5 rats
40 creatures vanquished.

Notes
Turn   | Place    | Note
-------+----------+-------------------------------------------
     0 | D:1      | galech the Demonspawn Monk began the quest for the Orb.
     0 | D:1      | Reached XP level 1. HP: 18/18 MP: 1/1
   197 | D:1      | Gained mutation: You have sharp fingernails. [demonic
                  | ancestry]
   197 | D:1      | Reached XP level 2. HP: 22/24 MP: 2/2
   606 | D:1      | Reached XP level 3. HP: 29/30 MP: 3/3
   753 | D:2      | Found a faded altar of an unknown god.
   862 | D:2      | Noticed Jessica
   868 | D:2      | Killed Jessica
   960 | D:2      | Reached XP level 4. HP: 37/37 MP: 4/4
  1171 | D:2      | Noticed Natasha
  1181 | D:2      | Killed Natasha
  1181 | D:2      | Reached skill level 4 in Fighting
  1397 | D:2      | Noticed Natasha
  1407 | D:2      | Killed Natasha
  1495 | D:2      | Noticed Natasha
  1505 | D:2      | Killed Natasha
  1505 | D:2      | Gained mutation: You have a pair of small antennae on your
                  | head. [demonic ancestry]
  1505 | D:2      | Reached XP level 5. HP: 37/42 MP: 5/5
  1597 | D:3      | Found a blossoming altar of Fedhas.
  1598 | D:3      | Quit the game

Vault maps used:
D:1:      dpeg_arrival_pits
D:2:      first_ration, chequers_ecumenical_altar_twisty,
          corexii_leaking_fountain, kennysheep_generic_room_16, uniq_natasha,
          uniq_jessica
D:3:      fedhas_altar_2

Skill      XL: |  1  2  3  4 |
---------------+-------------+-----
Axes           | 3 |  3.9
Dodging        | 3 |  3.2
Stealth        | 2 |  2.4
Fighting       | 4 |  4.1
Armour         | |  0.3

Action                   |  1- 3 |  4- 6 || total
-------------------------+-------+-------++-------
Melee: Hand axe          |    54 |    32 ||    86
 Stab: Sleeping          |     3 |       ||     3
  Eat: Chunk             |       |     2 ||     2
Armor: Robe              |     6 |       ||     6
       Leather armour    |       |     4 ||     4
Dodge: Dodged            |    35 |    16 ||    51

Table legend:
 A = Non-vault XP
 B = Vault XP
 C = Vault XP percentage of total XP
 D = Non-vault monster count
 E = Vault monster count
 F = Vault count percentage of total count
                 A         B        C        D         E       F
            +---------+---------+-------+---------+---------+-------
      Total |     140 |      79 |  36.1 |      35 |       5 |  12.5
            +---------+---------+-------+---------+---------+-------
        D:1 |      41 |       0 |   0.0 |      23 |       0 |   0.0
        D:2 |      99 |      79 |  44.4 |      12 |       5 |  29.4
            +---------+---------+-------+---------+---------+-------
